 Dungeon Crawl Stone Soup version 0.28.0-45-g0d030f2227 (webtiles) character file.

Game seed: 12727690001989052915

51 McKennaii the Skirmisher (level 3, -5/31 HPs)
             Began as a Demigod Fighter on Apr 18, 2022.
             Slain by Natasha (6 damage)
             ... on level 1 of the Dungeon.
             The game lasted 00:00:53 (1191 turns).

McKennaii the Skirmisher (Demigod Fighter)          Turns: 1191, Time: 00:00:54

Health: -5/31      AC: 10    Str: 21    XL:     3   Next: 38%
Magic:  5/5        EV:  7    Int: 10    God:
Gold:   19         SH:  4    Dex: 13    Spells: 2/2 levels left

rFire   . . .      SeeInvis .   a - +0 trident
rCold   . . .      Faith    .   c - +0 buckler
rNeg    . . .      Spirit   .   g - +0 chain mail
rPois   .          Reflect  .   h - +0 helmet
rElec   .          Harm     .   (no cloak)
rCorr   .          Rampage  .   (no gloves)
Will    .....                   (no boots)
Stlth   ..........              (no amulet)
HPRegen 0.10/turn               (no ring)
MPRegen 0.09/turn               (no ring)

@: slowed, very slow
A: high MP 1, forlorn, divine attributes
a: no special abilities


You were on level 1 of the Dungeon.
You visited 1 branch of the dungeon, and saw 2 of its levels.

You collected 19 gold pieces.

Inventory:

Hand Weapons
 a - a +0 trident (weapon)
Armour
 c - a +0 buckler (worn)
 g - a +0 chain mail (worn)
 h - a +0 helmet (worn)
Scrolls
 b - a scroll of amnesia {unknown}
 f - a scroll of immolation {unknown}
Potions
 d - 2 potions of might
 e - 2 potions of curing {unknown}


   Skills:
 + Level 3.1 Fighting
 + Level 2.3 Polearms
 + Level 3.1 Armour
 + Level 3.1 Shields


You had 2 spell levels left.
You didn't know any spells.
Your spell library was empty.

Dungeon Overview and Level Annotations

Branches:
Dungeon (2/15)

Annotations:
D:1 Natasha


Innate Abilities, Weirdness & Mutations

You have an increased reservoir of magic. (+10% MP)
You shall have no god before yourself.
Your divine heritage dramatically boosts your attributes as you level up.


Message History

The crimson imp hits you but does no damage.
There is a stone staircase leading up here.
Unknown command.
Natasha claws you.
The crimson imp hits you but does no damage.
You climb upwards.
The crimson imp disappears in a puff of smoke!
The white imp disappears in a puff of smoke!
There is a stone staircase leading down here.
Unknown command.
You barely miss Natasha. Natasha claws you but does no damage.
Natasha barely misses you.
You hit Natasha.
Natasha is heavily wounded.
Natasha claws you. x2
* * * LOW HITPOINT WARNING * * *
You hit Natasha.
Natasha is heavily wounded.
You block Natasha's attack.
Natasha mewls in sadness.
Natasha claws you.
* * * LOW HITPOINT WARNING * * *
You completely miss Natasha.
Natasha is heavily wounded.
Natasha claws you but does no damage. Natasha casts a spell at you.
You feel as though you will be slow longer.
You barely miss Natasha.
Natasha is heavily wounded.
Natasha claws you but does no damage.
Unknown command.
You hit Natasha but do no damage.
Natasha is heavily wounded.
Natasha closely misses you. You block Natasha's attack.
You closely miss Natasha.
Natasha is heavily wounded.
Natasha claws you!
* * * LOW HITPOINT WARNING * * *
Natasha claws you.
You die...

##...........###..####.....###
#.#........## #..# #..##...#
##.##.#.....# #..####..##...#
........#.#.####........##...####
##.##....#........###...........#
#.##...#.#.....................#
##................###...........#
#####..####.....h......###...####
# #..###...###@####.####...## #
#......#......)...........# #
##.###...###.###.....#..#.#
##.#.###.###.#####.##.#..#.#
###################.##>#..#.#
##..................##.#..#.#
##.###+############.......#.#
##.'..............######..#.#
##.#.############.## #..#.#


You could see Natasha.

Vanquished Creatures
  Natasha (D:2)
  A bat (D:1)
  4 endoplasms
  2 goblins (D:1)
  5 hobgoblins (D:1)
  4 jackals (D:1)
  2 quokkas
  A ball python (D:1)
  A rat (D:2)
21 creatures vanquished.

Notes
Turn   | Place    | Note
-------+----------+-------------------------------------------
     0 | D:1      | McKennaii the Demigod Fighter began the quest for the Orb.
     0 | D:1      | Reached XP level 1. HP: 18/18 MP: 3/3
   318 | D:1      | Reached XP level 2. HP: 25/25 MP: 4/4
   907 | D:2      | Noticed Natasha
   925 | D:2      | Killed Natasha
   926 | D:2      | Reached XP level 3. HP: 8/31 MP: 5/5
  1170 | D:2      | Noticed Natasha
  1191 | D:1      | HP: 1/31 [Natasha (8)]
  1191 | D:1      | Slain by Natasha

Illustrated notes

Levels and vault maps discovered:
D:1:      zelgadis_glass_arrival_large, layout_loops_ring,
          ebering_ecumenical_altar_sacrificial, lemuel_flame_loot_1
D:2:      layout_rooms, serial_shops, nicolae_shop_statue_plus,
          minmay_misc_feat_chi, uniq_natasha, uniq_sigmund

Skill      XL: |  1  2 |
---------------+-------+-----
Polearms       | 2 |  2.3
Shields        | 3 |  3.1
Armour         | 3 |  3.1
Fighting       | 3 |  3.1

Action                   || total
-------------------------++-------
Melee: Trident           ||    70
Armor: Scale mail        ||    21
       Chain mail        ||    29
Dodge: Dodged            ||    31
Block: Buckler           ||    17
